 Dungeon Crawl Stone Soup version 0.31-a0-214-gb37851dbb3 (webtiles) character file.

Game seed: 14986199724495177711

130109 qw the Crack Shot (level 17, -8/113 HPs)
             Began as a Gargoyle Hexslinger on July 1, 2023.
             Was a High Priest of Okawaru.
             Mangled by a spriggan rider
             ... wielding a +0 spear
              (15 damage)
             ... on level 3 of the Swamp.
             The game lasted 00:11:29 (24114 turns).

qw the Crack Shot (Gargoyle Hexslinger)            Turns: 24114, Time: 00:11:30

Health: -8/113     AC: 32    Str: 12    XL:     17   Next: 7%
Magic:  24/24      EV: 26    Int: 16    God:    Okawaru [*****.]
Gold:   2259       SH:  0    Dex: 32    Spells: 17/18 levels left

rFire   . . .        e - +5 triple crossbow "Kuxikles" {drain, Dex+3}
rCold   + + .        (shield currently unavailable)
rNeg    + . .        p - +3 ring mail of the Barber Surgeon {Contam Str+4 Dex+5}
rPois   inf          d - +0 helmet
rElec   +            f - scarf {rC+ rF+}
rCorr   .            v - +2 pair of gloves
SInv    .            c - +2 pair of boots
Will    +++..        g - amulet of faith
Stlth   +++          t - ring of Poevvyf {rF- Will++ Str-4 Dex+6 Slay+5}
HPRegen 0.38/turn    j - ring of protection from cold
MPRegen 0.19/turn

%: faith
@: about to teleport, heroic, flying
A: sickness immunity, AC +12, big wings, negative energy resistance 1,
electricity resistance, torment resistance 1, petrification resistance
a: Renounce Religion, Heroism, Finesse, Duel


You were on level 3 of the Swamp.
You worshipped Okawaru.
Okawaru was extremely pleased with you.
You visited 5 branches of the dungeon, and saw 26 of its levels.
You also visited: Ossuary.

You collected 3287 gold pieces.
You spent 1028 gold pieces at shops.


Innate Abilities, Weirdness & Mutations

You are immune to sickness and miasma.
Your stone body is resilient. (AC +12)
You are immune to poison.
Your large and strong wings let you fly.
You resist negative energy. (rN+)
You are resistant to electric shocks. (rElec)
You are resistant to unholy torment.
You are immune to petrification.


   Skills:
 - Level 15.0(20.0) Fighting
 + Level 21.2(26.2) Ranged Weapons
 - Level 9.0(14.0) Armour
 - Level 10.0(15.0) Dodging
 - Level 1.0 Spellcasting
 - Level 2.6 Hexes
 - Level 10.0 Invocations


You had 17 spell levels left.
You knew the following spells:

 Your Spells              Type           Power      Damage    Failure   Level
a - Slow                  Hex            36%        N/A       14%         1

Your spell library contained the following spells:

 Spells                   Type           Power      Damage    Failure   Level
 Inner Flame              Hex/Fire       5%         N/A       56%         3
 Portal Projectile        Hex/Tloc       10%        N/A       56%         3
 Cause Fear               Hex            4%         N/A       80%         4

Inventory:

Hand Weapons
 e - the +5 triple crossbow "Kuxikles" (weapon) {drain, Dex+3}
   (Okawaru gifted it to you on level 11 of the Dungeon)

   Dex:       It affects your dexterity (+3).
Armour
 c - a +2 pair of boots (worn)
 d - a +0 helmet (worn)
 f - a scarf of resistance (worn)
 n - a +1 cloak
 p - the +3 ring mail of the Barber Surgeon (worn) {Contam Str+4 Dex+5}
   (You found it on level 1 of the Lair of Beasts)

   Str:       It affects your strength (+4).
   Dex:       It affects your dexterity (+5).
   Contam:    It causes magical contamination when unequipped.
 v - a +2 pair of gloves (worn)
Jewellery
 b - an amulet of regeneration
 g - an amulet of faith (around neck)
 j - a ring of protection from cold (right hand)
 s - a ring of fire
 t - the ring of Poevvyf (left hand) {rF- Will++ Str-4 Dex+6 Slay+5}
   (You bought it in a shop on level 12 of the Dungeon)

   [ring of dexterity]

   Str:       It affects your strength (-4).
   Dex:       It affects your dexterity (+6).
   Slay:      It affects your accuracy & damage with ranged weapons and melee
   (+5).
   rF:        It makes you vulnerable to fire.
   Will:      It greatly increases your willpower.
 x - a ring of protection from cold
 Y - a ring of resist corrosion
Wands
 r - a wand of digging (18)
Scrolls
 i - 2 scrolls of teleportation
 m - 17 scrolls of identify
 w - 2 scrolls of brand weapon
 z - 2 scrolls of enchant weapon
Potions
 a - 2 potions of resistance
 h - 6 potions of mutation
 k - a potion of might
 l - 3 potions of enlightenment
 o - a potion of cancellation
 q - 9 potions of curing
 u - 3 potions of haste

Dungeon Overview and Level Annotations

Branches:
Dungeon (15/15)            Temple (1/1) D:4            Lair (5/5) D:9
  Swamp (3/4) Lair:3       Spider (0/4) Lair:3        Slime (0/5) Lair:4
    Orc (2/2) D:9             Elf (0/3) Orc:2        Vaults (0/5) D:13
 Depths (0/4) D:15        Ossuary (visited)

Altars:
Ashenzari
Cheibriados
Dithmenos
Elyvilon
Fedhas
Gozag
Hepliaklqana
Kikubaaqudgha
Makhleb
Nemelex Xobeh
Okawaru
Qazlal
Ru
Sif Muna
Trog
Uskayaw
Vehumet
Wu Jian
Xom
Yredelemnul
Zin
The Shining One

Shops:
D:4 *   D:9 (   D:10 *   D:11 (   D:12 ((?*   Orc:2 [:*(

Annotations:
D:6 2 runed translucent doors, qw's ghost, novice DEHu
D:11 4 runed translucent doors
Swamp:2 2 transporters


Message History

You drain the spriggan berserker!
The spriggan berserker is heavily wounded.
The spriggan berserker closely misses you.
The spriggan rider hits you from afar with a +0 spear!
The goliath frog hits you but does no damage.
The spriggan berserker barely misses you.
The spriggan rider hits you but does no damage.
You shoot a bolt.
The bolt barely misses the spriggan berserker.
The spriggan berserker barely misses you.
The goliath frog hits you but does no damage.
The spriggan rider completely misses you.
You shoot a bolt. The bolt hits the spriggan berserker!
You drain the spriggan berserker!
The spriggan berserker is almost dead.
The spriggan berserker hits you with a +0 flail!!
The goliath frog misses you.
The spriggan berserker hits you with a +0 flail!
The spriggan rider closely misses you. The goliath frog misses you.
You shoot a bolt. The bolt hits the spriggan berserker.
The spriggan berserker is almost dead.
The spriggan berserker hits you with a +0 flail.
The goliath frog hits you but does no damage.
The spriggan rider hits you but does no damage.
The spriggan berserker hits you with a +0 flail!
24112 ||| READING 3 scrolls of teleportation.
As you read the scroll of teleportation, it crumbles to dust.
You feel strangely unstable. The spriggan berserker misses you.
The goliath frog completely misses you.
The spriggan rider completely misses you.
You shoot a bolt. The bolt hits the spriggan berserker!!!
You kill the spriggan berserker!
Okawaru accepts your kill.
The goliath frog hits you but does no damage.
The spriggan rider hits you but does no damage.
You shoot a bolt.
The bolt closely misses the spriggan rider.
The goliath frog hits you from afar!
You are splashed with acid!
The spriggan rider hits you from afar with a +0 spear!
You die...

... #... #..
7... #.%##...7
7...###...#..7
7...........7
7....~.~.~~7
7~~~)iF..~7
7..~~)[)..7
7.@...7
77~..~77
77..~~¤77777


777 7~..~~¤.¤7.777~77 77..77~).~=.~~..7 7~77777)7.~..~77 7~7 77.777~777 777
7.<.7777 77~77 You could see a spriggan rider and a goliath frog.

Vanquished Creatures
  Saint Roka (Orc:2)
  Jorgrun (Swamp:1)
  Kirke (Swamp:1)
  Roxanne (Swamp:1)
  An orc warlord (D:13)
  3 eleionomae
  2 bunyips
  Azrael (D:14)
  A spriggan air mage (Swamp:3)
  An ogre mage (Orc:1)
  6 hydras
  3 catoblepae (Lair:5)
  2 boulder beetles (D:15)
  6 alligators
  4 centaur warriors
  3 tengu warriors
  9 two-headed ogres
  16 death yaks
  2 orc high priests
  2 spriggan berserkers (Swamp:3)
  8 skeletal warriors
  A swamp dragon (Swamp:2)
  2 goliath frogs
  3 bog bodies
  2 lindwurms
  A necromancer (D:15)
  5 deep elf pyromancers
  28 ugly things
  6 orc knights
  7 orc sorcerers
  2 oklob plants (Lair:3)
  2 will-o-the-wisps
  9 elephants (Lair:4)
  4 manticores
  5 cyclopes
  10 slime creatures
  5 black mambas
  A centaur skeleton (D:15)
  2 rime drakes
  A naga mage (D:15)
  2 unseen horrors
  5 kobold demonologists
  14 cane toads
  An efreet (D:13)
  A komodo dragon (shapeshifter) (D:15)
  5 tengu conjurers (D:14)
  16 komodo dragons
  A polar bear (Lair:5)
  3 meliai (D:13)
  8 trolls
  A bloated husk (Swamp:2)
  5 hornets
  4 tyrant leeches
  16 blink frogs
  A meliai zombie (D:15)
  4 spriggans
  A shadow (D:9)
  A vampire (D:11)
  2 fire elementals (D:14)
  A human (Swamp:1)
  4 wyverns
  A wraith (D:12)
  48 yaks
  A human (shapeshifter) (D:15)
  2 steam dragons
  3 hogs (Swamp:1)
  3 redbacks (Lair:3)
  7 basilisks
  9 vampire mosquitoes
  4 hell hounds (D:14)
  7 swamp worms
  2 wargs (Orc:2)
  3 acid dragons
  15 water moccasins
  A swamp drake (Swamp:1)
  45 orc warriors
  A sky beast (D:3)
  2 black bears
  A hornet zombie (D:6)
  7 ogres
  23 wolves
  7 centaurs
  A phantom (D:4)
  4 kobold brigands
  11 bullfrogs
  A gnoll sergeant (D:11)
  2 scorpions (D:5)
  10 wights
  5 killer bees
  A howler monkey (D:5)
  4 centaur zombies
  A bullfrog zombie (D:6)
  A human zombie (D:6)
  2 gnoll boudas
  28 orc priests
  5 hounds
  8 jellies
  2 sleepcaps (D:6)
  3 iguanas (D:5)
  42 orc wizards
  4 ogre zombies (Ossuary)
  10 mummies
  3 howler monkey zombies (D:6)
  13 gnolls
  9 adders
  2 white imps (D:8)
  An adder zombie (Ossuary)
  2 worms
  3 dart slugs
  54 orcs
  5 ball pythons
  6 bats
  10 endoplasms
  3 giant cockroaches
  A gnoll zombie (Ossuary)
  A goblin (D:7)
  11 hobgoblins
  15 jackals
  2 quokkas
  6 frilled lizards
  4 goblin zombies (Ossuary)
  4 hobgoblin zombies (Ossuary)
  21 kobolds
  7 kobold zombies (Ossuary)
  2 quokka zombies (Ossuary)
  5 rats
  7 rat zombies
800 creatures vanquished.

Vanquished Creatures (others)
  An orc (D:12)
  4 foxfires (Swamp:1)
5 creatures vanquished.

Grand Total: 805 creatures vanquished

Notes
Turn   | Place    | Note
-------+----------+-------------------------------------------
     0 | D:1      | qw the Gargoyle Hexslinger began the quest for the Orb.
     0 | D:1      | Reached XP level 1. HP: 12/12 MP: 2/2
     0 | D:1      | 0 ||| qw: Version: 0.3-a-32-g5962c71
     0 | D:1      | 0 ||| qw: Game counter: 7671
     0 | D:1      | 0 ||| qw: Melee chars always use a shield: true
     0 | D:1      | 0 ||| qw: God list: Okawaru
     0 | D:1      | 0 ||| qw: Allow faded altars: false
     0 | D:1      | 0 ||| qw: Do Orc after clearing Dungeon:15 true
     0 | D:1      | 0 ||| qw: Do second Lair branch before Depths: true
     0 | D:1      | 0 ||| qw: Lair rune preference: random
     0 | D:1      | 0 ||| qw: Goals: Normal
     0 | D:1      | 0 ||| PLANNING D:1-11
   168 | D:1      | Reached XP level 2. HP: 16/16 MP: 3/3
   271 | D:1      | Reached skill level 3 in Ranged Weapons
   283 | D:1      | Found a faded altar of an unknown god.
   484 | D:1      | 484 ||| UPGRADING to scarf of resistance.
   489 | D:1      | 489 ||| DROPPING ring of magical power.
   490 | D:1      | 490 ||| READING scroll labelled XORGHE QAMU.
   491 | D:1      | 491 ||| DROPPING scroll of poison.
   570 | D:2      | Reached XP level 3. HP: 21/21 MP: 4/4
   813 | D:2      | HP: 5/21 [hobgoblin (3)]
   916 | D:2      | Reached XP level 4. HP: 26/26 MP: 5/5
  1086 | D:2      | Reached skill level 4 in Ranged Weapons
  1172 | D:2      | Identified the +10 sling "Wocyrchut" {drain, rF++ Int+3}
  1174 | D:2      | 1174 ||| SWAPPING to +10 sling "Wocyrchut" {drain, rF++
                  | Int+3}.
  1175 | D:2      | 1175 ||| DROPPING +1 sling.
  1176 | D:2      | 1176 ||| UPGRADING to ring of resist corrosion.
  1177 | D:2      | 1177 ||| READING 2 scrolls labelled NIDGHU GIYN.
  1446 | D:3      | Reached XP level 5. HP: 30/30 MP: 6/6
  1463 | D:3      | Found a stormy altar of Qazlal.
  1463 | D:3      | Noticed a sky beast
  1474 | D:3      | Killed a sky beast
  1475 | D:3      | Reached skill level 5 in Ranged Weapons
  1475 | D:3      | 1475 ||| FLEEEEING.
  1987 | D:3      | 1987 ||| UPGRADING to +0 leather armour.
  1997 | D:3      | 1997 ||| DROPPING +0 robe.
  1998 | D:3      | 1998 ||| UPGRADING to amulet of faith.
  2003 | D:3      | 2003 ||| READING scroll labelled UMESI EVE WOG.
  2043 | D:4      | 2043 ||| PLANNING OSSUARY
  2089 | D:4      | Reached XP level 6. HP: 36/36 MP: 7/7
  2123 | D:4      | Reached skill level 3 in Fighting
  2142 | D:4      | Found a staircase to the Ecumenical Temple.
  2242 | D:4      | Found Palop's Assorted Antiques.
  2256 | D:4      | 2256 ||| BUYING blackened copper wand (104 gold).
  2256 | D:4      | Bought a blackened copper wand for 104 gold pieces
  2256 | D:4      | 2256 ||| SHOPLISTING gold wand (104 gold, have 46).
  2256 | D:4      | 2256 ||| BUYING green potion (23 gold).
  2256 | D:4      | Bought a green potion for 23 gold pieces
  2256 | D:4      | 2256 ||| SHOPLISTING scroll labelled VAMATT RIRUY (26 gold,
                  | have 23).
  2256 | D:4      | 2256 ||| SHOPLISTING scroll labelled VUQEJU ASKIXZO (26
                  | gold, have 23).
  2256 | D:4      | 2256 ||| SHOPLISTING scroll of teleportation (78 gold, have
                  | 23).
  2278 | D:4      | Reached skill level 6 in Ranged Weapons
  2346 | D:4      | Found a sand-covered staircase.
  2353 | D:4      | Reached XP level 7. HP: 30/42 MP: 8/8
  2356 | D:4      | 2356 ||| FLEEEEING.
  2357 | D:4      | 2357 ||| FLEEEEING.
  2358 | D:4      | 2358 ||| FLEEEEING.
  2360 | D:4      | 2360 ||| FLEEEEING.
  2361 | D:4      | 2361 ||| FLEEEEING.
  2362 | D:4      | 2362 ||| FLEEEEING.
  2363 | D:4      | 2363 ||| FLEEEEING.
  2364 | D:4      | 2364 ||| FLEEEEING.
  2365 | D:4      | 2365 ||| FLEEEEING.
  2366 | D:4      | 2366 ||| FLEEEEING.
  2367 | D:4      | 2367 ||| FLEEEEING.
  2368 | D:4      | 2368 ||| FLEEEEING.
  2369 | D:4      | 2369 ||| FLEEEEING.
  2370 | D:4      | 2370 ||| FLEEEEING.
  2371 | D:4      | 2371 ||| FLEEEEING.
  2372 | D:4      | 2372 ||| FLEEEEING.
  2374 | D:4      | 2374 ||| FLEEEEING.
  2375 | D:4      | 2375 ||| FLEEEEING.
  2376 | D:4      | 2376 ||| FLEEEEING.
  2377 | D:4      | 2377 ||| FLEEEEING.
  2378 | D:4      | 2378 ||| FLEEEEING.
  2379 | D:4      | 2379 ||| FLEEEEING.
  2380 | D:4      | 2380 ||| FLEEEEING.
  2396 | D:4      | 2396 ||| UPGRADING to +0 pair of boots.
  2401 | D:4      | 2401 ||| READING scroll labelled VUQEJU ASKIXZO.
  2402 | D:4      | 2402 ||| READING scroll labelled GURUTE WUUPP.
  2403 | D:4      | 2403 ||| DROPPING wand of mindburst (5).
  2444 | Ossuary  | Entered an ossuary
  2492 | Ossuary  | Reached skill level 1 in Armour
  2895 | Ossuary  | 2895 ||| READING scroll of enchant armour.
  2895 | Ossuary  | 2895 ||| ENCHANTING +0 pair of boots.
  2924 | Ossuary  | Reached skill level 7 in Ranged Weapons
  3052 | Ossuary  | 3052 ||| READING scroll labelled ZALLEIRRUNOI.
  3053 | Ossuary  | 3053 ||| READING scroll labelled UDETZI LESI.
  3054 | Ossuary  | 3054 ||| READING scroll labelled ERGHAY QOTEOTYQ.
  3055 | Ossuary  | 3055 ||| DRINKING 2 inky potions.
  3056 | Ossuary  | 3056 ||| DRINKING 2 emerald potions.
  3161 | Ossuary  | 3161 ||| DRINKING 2 green potions.
  3162 | Ossuary  | 3162 ||| DRINKING 2 blue potions.
  3163 | Ossuary  | 3163 ||| READING 4 scrolls of identify.
  3163 | Ossuary  | 3163 ||| IDENTIFYING smoky coppery potion
  3164 | Ossuary  | 3164 ||| READING 3 scrolls of identify.
  3164 | Ossuary  | 3164 ||| IDENTIFYING coppery potion
  3165 | Ossuary  | 3165 ||| READING 2 scrolls of identify.
  3165 | Ossuary  | 3165 ||| IDENTIFYING silvery potion
  3166 | Ossuary  | 3166 ||| DROPPING potion of ambrosia.
  3167 | Ossuary  | 3167 ||| DROPPING potion of berserk rage.
  3183 | D:4      | 3183 ||| PLANNING TEMPLE
  3213 | Temple   | Entered the Ecumenical Temple
  3215 | Temple   | 3215 ||| PLANNING OKAWARU WORSHIP
  3379 | Temple   | Became a worshipper of Warmaster Okawaru
  3380 | Temple   | 3380 ||| PLANNING D:1-11
  3416 | D:4      | 3416 ||| READING scroll of enchant armour.
  3416 | D:4      | 3416 ||| ENCHANTING +1 pair of boots.
  3550 | D:5      | Entered Level 5 of the Dungeon
  3604 | D:5      | Reached skill level 8 in Ranged Weapons
  3604 | D:5      | Reached XP level 8. HP: 48/48 MP: 9/9
  3654 | D:5      | Reached * piety under Okawaru
  3825 | D:5      | 3825 ||| INVOKING Heroism.
  3833 | D:5      | Reached skill level 1 in Invocations
  3883 | D:5      | 3883 ||| INVOKING Heroism.
  4084 | D:5      | 4084 ||| READING scroll labelled HIF SA FICHA.
  4085 | D:5      | 4085 ||| READING scroll labelled RUMUCZ ERAMUMI.
  4086 | D:5      | 4086 ||| DRINKING 2 lumpy brown potions.
  4087 | D:5      | 4087 ||| DROPPING potion of degeneration.
  4123 | D:6      | 4123 ||| STAIRDANCE
  4202 | D:6      | Noticed a wyvern
  4204 | D:6      | 4204 ||| INVOKING Heroism.
  4209 | D:6      | Killed a wyvern
  4215 | D:6      | Reached skill level 3 in Invocations
  4259 | D:6      | Found a large runed translucent door.
  4260 | D:6      | Found a large runed translucent door.
  4323 | D:6      | Reached skill level 9 in Ranged Weapons
  4395 | D:6      | 4395 ||| INVOKING Heroism.
  4495 | D:6      | Reached XP level 9. HP: 55/55 MP: 12/12
  4502 | D:6      | 4502 ||| INVOKING Heroism.
  4510 | D:6      | Reached skill level 6 in Fighting
  4616 | D:6      | Found a basalt altar of Yredelemnul.
  4814 | D:6      | Noticed qw's ghost (novice DEHu)
  4826 | D:6      | 4826 ||| INVOKING Heroism.
  4862 | D:6      | 4862 ||| DRINKING 2 potions of curing.
  4862 | D:6      | 4862 ||| (to cure confusion)
  4865 | D:6      | 4865 ||| INVOKING Heroism.
  4963 | D:6      | 4963 ||| INVOKING Heroism.
  4966 | D:6      | Reached skill level 10 in Ranged Weapons
  5093 | D:6      | 5093 ||| UPGRADING to +0 ring mail.
  5103 | D:6      | 5103 ||| DROPPING +0 leather armour.
  5104 | D:6      | 5104 ||| READING scroll labelled UDAEPA HILIC.
  5205 | D:6      | 5205 ||| DRINKING 2 fuming cyan potions.
  5206 | D:6      | 5206 ||| DRINKING 2 murky purple potions.
  5207 | D:6      | 5207 ||| READING 2 scrolls of identify.
  5207 | D:6      | 5207 ||| IDENTIFYING clear potion
  5208 | D:6      | 5208 ||| DROPPING potion of attraction.
  5209 | D:6      | 5209 ||| DROPPING potion of brilliance.
  5250 | D:7      | Found a blossoming altar of Fedhas.
  5445 | D:7      | 5445 ||| INVOKING Heroism.
  5466 | D:7      | Found a shimmering altar of Xom.
  5468 | D:7      | 5468 ||| INVOKING Heroism.
  5488 | D:7      | Found a radiant altar of Vehumet.
  5491 | D:7      | 5491 ||| SWAPPING to +0 orcbow.
  5498 | D:7      | Found an ancient bone altar of Kikubaaqudgha.
  5498 | D:7      | Found a broken altar of Ashenzari.
  5505 | D:7      | Found a sacrificial altar of Ru.
  5531 | D:7      | 5531 ||| INVOKING Heroism.
  5773 | D:7      | 5773 ||| INVOKING Heroism.
  6054 | D:7      | 6054 ||| INVOKING Heroism.
  6247 | D:7      | 6247 ||| INVOKING Heroism.
  6276 | D:7      | 6276 ||| SWAPPING to +0 longbow.
  6277 | D:7      | 6277 ||| DROPPING +0 orcbow.
  6278 | D:7      | 6278 ||| DROPPING +10 sling "Wocyrchut" {drain, rF++
                  | Int+3}.
  6331 | D:7      | 6331 ||| Stepping ~*~*~tactically~*~*~ (water).
  6333 | D:7      | 6333 ||| INVOKING Heroism.
  6691 | D:7      | 6691 ||| READING scroll labelled GOUGOCK BAHEI.
  6760 | D:8      | Reached skill level 11 in Ranged Weapons
  6824 | D:8      | Reached skill level 3 in Armour
  6880 | D:8      | 6880 ||| INVOKING Heroism.
  6887 | D:8      | HP: 8/57 [wight/+3 short sword (8)]
  6888 | D:8      | 6888 ||| READING 4 scrolls of teleportation.
  6889 | D:8      | 6889 ||| DRINKING potion of heal wounds.
  6891 | D:8      | Reached XP level 10. HP: 24/63 MP: 11/13
  7098 | D:8      | Found a glowing silver altar of Zin.
  7173 | D:8      | Reached skill level 3 in Dodging
  7285 | D:8      | 7285 ||| Stepping ~*~*~tactically~*~*~ (outnumbered).
  7349 | D:8      | 7349 ||| INVOKING Heroism.
  7805 | D:8      | 7805 ||| UPGRADING to ring of protection from cold.
  7806 | D:8      | 7806 ||| READING scroll labelled UTYTIQ HISTACS.
  7807 | D:8      | 7807 ||| DRINKING 2 black potions.
  7853 | D:8      | 7853 ||| READING 2 scrolls of identify.
  7853 | D:8      | 7853 ||| IDENTIFYING fuming purple potion
  7854 | D:8      | 7854 ||| DROPPING potion of lignification.
  7891 | D:9      | Found a staircase to the Orcish Mines.
  8012 | D:9      | Reached ** piety under Okawaru
  8088 | D:9      | Noticed a two-headed ogre
  8089 | D:9      | 8089 ||| INVOKING Heroism.
  8096 | D:9      | HP: 9/64 [two-headed ogre/+0 giant spiked club (22)]
  8097 | D:9      | 8097 ||| READING 4 scrolls of teleportation.
  8099 | D:9      | HP: 2/64 [two-headed ogre/+0 giant spiked club (8)]
  8101 | D:9      | Killed a two-headed ogre
  8408 | D:9      | Reached skill level 12 in Ranged Weapons
  8445 | D:9      | 8445 ||| Stepping ~*~*~tactically~*~*~ (outnumbered).
  8447 | D:9      | 8447 ||| DRINKING 2 potions of curing.
  8447 | D:9      | 8447 ||| (to cure confusion)
  8448 | D:9      | 8448 ||| Stepping ~*~*~tactically~*~*~ (outnumbered).
  8450 | D:9      | 8450 ||| Stepping ~*~*~tactically~*~*~ (outnumbered).
  8451 | D:9      | 8451 ||| Stepping ~*~*~tactically~*~*~ (outnumbered).
  8533 | D:9      | Found Matagi Juhar's Antique Weapon Emporium.
  8549 | D:9      | 8549 ||| INVOKING Heroism.
  8553 | D:9      | HP: 11/64 [yak (7)]
  8554 | D:9      | 8554 ||| READING 3 scrolls of teleportation.
  8764 | D:9      | 8764 ||| DRINKING 2 potions of curing.
  8764 | D:9      | 8764 ||| (to cure confusion)
  8898 | D:9      | 8898 ||| INVOKING Heroism.
  9027 | D:9      | Found a staircase to the Lair.
  9060 | D:9      | Reached skill level 13 in Ranged Weapons
  9177 | D:9      | 9177 ||| PLANNING LAIR
  9177 | D:9      | 9177 ||| DROPPING scarf of harm.
  9178 | D:9      | 9178 ||| READING 2 scrolls of identify.
  9178 | D:9      | 9178 ||| IDENTIFYING lumpy coppery potion
  9214 | Lair:1   | Entered Level 1 of the Lair of Beasts
  9257 | Lair:1   | 9257 ||| INVOKING Heroism.
  9269 | Lair:1   | 9269 ||| INVOKING Heroism.
  9290 | Lair:1   | Reached XP level 11. HP: 66/69 MP: 14/14
  9307 | Lair:1   | 9307 ||| INVOKING Heroism.
  9313 | Lair:1   | Reached skill level 9 in Fighting
  9315 | Lair:1   | Reached *** piety under Okawaru
  9362 | Lair:1   | 9362 ||| INVOKING Heroism.
  9397 | Lair:1   | 9397 ||| INVOKING Heroism.
  9509 | Lair:1   | 9509 ||| INVOKING Heroism.
  9539 | Lair:1   | Reached skill level 14 in Ranged Weapons
  9547 | Lair:1   | 9547 ||| INVOKING Heroism.
  9573 | Lair:1   | 9573 ||| INVOKING Heroism.
  9582 | Lair:1   | Reached **** piety under Okawaru
  9904 | Lair:1   | 9904 ||| INVOKING Heroism.
  9927 | Lair:1   | 9927 ||| INVOKING Heroism.
  9969 | Lair:1   | You fall into a shaft and drop 1 floor!
  9981 | Lair:2   | 9981 ||| INVOKING Heroism.
 10079 | Lair:1   | 10079 ||| INVOKING Heroism.
 10095 | Lair:1   | Identified the +3 ring mail of the Barber Surgeon {Contam
                  | Str+4 Dex+5}
 10383 | Lair:1   | 10383 ||| UPGRADING to +3 ring mail of the Barber Surgeon
                  | {Contam Str+4 Dex+5}.
 10393 | Lair:1   | 10393 ||| DROPPING +0 ring mail.
 10483 | Lair:2   | 10483 ||| INVOKING Heroism.
 10504 | Lair:2   | Reached skill level 6 in Invocations
 10514 | Lair:2   | 10514 ||| INVOKING Heroism.
 10612 | Lair:2   | 10612 ||| INVOKING Heroism.
 10615 | Lair:2   | Reached XP level 12. HP: 77/77 MP: 13/16
 10669 | Lair:2   | Reached ***** piety under Okawaru
 10865 | Lair:2   | 10865 ||| INVOKING Heroism.
 10891 | Lair:2   | Noticed a five-headed hydra
 10892 | Lair:2   | 10892 ||| INVOKING Heroism.
 10901 | Lair:2   | Killed a five-headed hydra
 10988 | Lair:2   | 10988 ||| INVOKING Heroism.
 11027 | Lair:2   | 11027 ||| INVOKING Heroism.
 11100 | Lair:2   | 11100 ||| INVOKING Heroism.
 11249 | Lair:2   | 11249 ||| INVOKING Heroism.
 11453 | Lair:3   | Noticed a death yak
 11454 | Lair:3   | 11454 ||| STAIRDANCE
 11490 | Lair:3   | 11490 ||| INVOKING Heroism.
 11494 | Lair:3   | Killed a death yak
 11516 | Lair:3   | 11516 ||| STAIRDANCE
 11560 | Lair:3   | 11560 ||| STAIRDANCE
 11687 | Lair:3   | Identified the +4 kite shield "Huissagi" {Int+3} (Okawaru
                  | gifted it to you on level 3 of the Lair of Beasts)
 11687 | Lair:3   | Received a gift from Okawaru
 11739 | Lair:3   | 11739 ||| INVOKING Heroism.
 11743 | Lair:3   | Reached skill level 15 in Ranged Weapons
 11743 | Lair:3   | Reached skill level 9 in Invocations
 11753 | Lair:3   | Identified the +9 flail "Peginumu" {elec, Fly Will+ Int+2}
 11815 | Lair:3   | 11815 ||| INVOKING Heroism.
 11967 | Lair:3   | Found a hole to the Spider Nest.
 12092 | Lair:3   | 12092 ||| INVOKING Heroism.
 12153 | Lair:3   | 12153 ||| INVOKING Heroism.
 12197 | Lair:3   | 12197 ||| INVOKING Heroism.
 12201 | Lair:3   | 12201 ||| READING 2 scrolls labelled AKKIHE IRYOST.
 12202 | Lair:3   | 12202 ||| DROPPING scroll of immolation.
 12378 | Lair:3   | Found a staircase to the Swamp.
 12400 | Lair:3   | 12400 ||| INVOKING Heroism.
 12409 | Lair:3   | Reached XP level 13. HP: 82/82 MP: 18/20
 12463 | Lair:3   | 12463 ||| INVOKING Heroism.
 12551 | Lair:4   | 12551 ||| PLANNING GAUNTLET
 12601 | Lair:4   | Found a staircase to the Slime Pits.
 12699 | Lair:4   | 12699 ||| INVOKING Heroism.
 12704 | Lair:4   | Reached skill level 16 in Ranged Weapons
 12952 | Lair:4   | 12952 ||| INVOKING Heroism.
 12988 | Lair:4   | 12988 ||| INVOKING Heroism.
 13056 | Lair:4   | 13056 ||| INVOKING Heroism.
 13066 | Lair:4   | Reached skill level 6 in Dodging
 13107 | Lair:4   | 13107 ||| RIP GAUNTLET
 13150 | Lair:4   | 13150 ||| PLANNING LAIR
 13213 | Lair:4   | Found a broken altar of Ashenzari.
 13585 | Lair:5   | Entered Level 5 of the Lair of Beasts
 13591 | Lair:5   | 13591 ||| STAIRDANCE
 13599 | Lair:4   | 13599 ||| INVOKING Heroism.
 13861 | Lair:5   | 13861 ||| INVOKING Heroism.
 13872 | Lair:5   | 13872 ||| INVOKING Finesse.
 13897 | Lair:5   | Reached skill level 17 in Ranged Weapons
 14186 | Lair:5   | 14186 ||| INVOKING Heroism.
 14187 | Lair:5   | 14187 ||| INVOKING Finesse.
 14237 | Lair:5   | 14237 ||| INVOKING Heroism.
 14254 | Lair:5   | 14254 ||| INVOKING Finesse.
 14312 | Lair:5   | 14312 ||| INVOKING Heroism.
 14316 | Lair:5   | Gained mutation: Your large and strong wings let you fly.
                  | [Gargoyle growth]
 14316 | Lair:5   | Reached XP level 14. HP: 79/90 MP: 18/21
 14367 | Lair:5   | 14367 ||| INVOKING Heroism.
 14432 | Lair:5   | 14432 ||| INVOKING Finesse.
 14442 | Lair:5   | Reached skill level 18 in Ranged Weapons
 14463 | Lair:5   | 14463 ||| INVOKING Heroism.
 14520 | Lair:5   | 14520 ||| INVOKING Heroism.
 14543 | Lair:5   | Identified the +1 buckler of Skepticism {rF+ Dex+7 Slay-4
                  | Stlth+}
 14801 | Lair:5   | Identified the +8 war axe of the Pillar {heavy, Int+5}
 14875 | Lair:5   | 14875 ||| INVOKING Heroism.
 14876 | Lair:5   | 14876 ||| INVOKING Finesse.
 14885 | Lair:5   | Reached skill level 12 in Fighting
 15216 | Lair:5   | 15216 ||| PLANNING D:1-11
 15216 | Lair:5   | 15216 ||| UPGRADING to +0 pair of gloves.
 15221 | Lair:5   | 15221 ||| READING scroll of enchant armour.
 15221 | Lair:5   | 15221 ||| ENCHANTING +0 pair of gloves.
 15222 | Lair:5   | 15222 ||| READING scroll labelled KIELOU BOUTHEI.
 15222 | Lair:5   | Identified a scroll of acquirement
 15222 | Lair:5   | 15222 ||| ACQUIRING 926 gold pieces
 15222 | Lair:5   | Acquired 926 gold pieces
 15340 | D:10     | Entered Level 10 of the Dungeon
 15457 | D:10     | Reached skill level 6 in Armour
 15502 | D:10     | 15502 ||| Stepping ~*~*~tactically~*~*~ (outnumbered).
 15599 | D:10     | Found Zicoch's Elemental Accessories.
 15959 | D:11     | 15959 ||| Stepping ~*~*~tactically~*~*~ (outnumbered).
 15961 | D:11     | 15961 ||| Stepping ~*~*~tactically~*~*~ (outnumbered).
 16046 | D:11     | Identified the +5 triple crossbow "Kuxikles" {drain, Dex+3}
                  | (Okawaru gifted it to you on level 11 of the Dungeon)
 16046 | D:11     | Received a gift from Okawaru
 16057 | D:11     | 16057 ||| SWAPPING to +5 triple crossbow "Kuxikles" {drain,
                  | Dex+3}.
 16058 | D:11     | 16058 ||| DROPPING +1 longbow of draining.
 16060 | D:11     | Found Dyew Jytona's Weapon Boutique.
 16069 | D:11     | 16069 ||| Stepping ~*~*~tactically~*~*~ (outnumbered).
 16281 | D:11     | Found a large runed translucent door.
 16282 | D:11     | Found a large runed translucent door.
 16292 | D:11     | Identified the -1 pair of boots of the Valley {rElec Int+2
                  | Stlth-}
 16297 | D:11     | Found a large runed translucent door.
 16297 | D:11     | Found a large runed translucent door.
 16381 | D:11     | 16381 ||| INVOKING Heroism.
 16556 | D:11     | 16556 ||| INVOKING Heroism.
 16589 | D:11     | Identified the +1 ring mail of the Raven {Int+6}
 16606 | D:11     | 16606 ||| PLANNING D
 16606 | D:11     | 16606 ||| DROPPING -1 pair of boots of the Valley {rElec
                  | Int+2 Stlth-}.
 16607 | D:11     | 16607 ||| READING scroll labelled HIXTIR JOMITZI.
 16636 | D:12     | 16636 ||| STAIRDANCE
 16735 | D:12     | 16735 ||| STAIRDANCE
 16835 | D:12     | Found Keffi's Weapon Boutique.
 16855 | D:12     | Found Bethy's Assorted Antiques.
 16863 | D:12     | 16863 ||| BUYING glittering turquoise ring (120 gold).
 16863 | D:12     | Bought a glittering turquoise ring for 120 gold pieces
 16863 | D:12     | Identified the ring of Poevvyf {rF- Will++ Str-4 Dex+6
                  | Slay+5} (You bought it in a shop on level 12 of the
                  | Dungeon)
 16863 | D:12     | 16863 ||| BUYING orange potion (21 gold).
 16863 | D:12     | Bought an orange potion for 21 gold pieces
 16863 | D:12     | 16863 ||| BUYING potion of curing (72 gold).
 16863 | D:12     | Bought a potion of curing for 72 gold pieces
 16896 | D:12     | Found Acegger's Weapon Shoppe.
 16955 | D:12     | 16955 ||| Stepping randomly (disturbance).
 16968 | D:12     | Reached skill level 19 in Ranged Weapons
 17105 | D:12     | Found Voemuzeoka's Magic Scroll Shop.
 17118 | D:12     | 17118 ||| BUYING scroll of enchant armour (105 gold).
 17118 | D:12     | Bought a scroll of enchant armour for 105 gold pieces
 17118 | D:12     | 17118 ||| BUYING scroll of enchant weapon (105 gold).
 17118 | D:12     | Bought a scroll of enchant weapon for 105 gold pieces
 17118 | D:12     | 17118 ||| BUYING scroll of identify (28 gold).
 17118 | D:12     | Bought a scroll of identify for 28 gold pieces
 17118 | D:12     | 17118 ||| BUYING scroll of teleportation (42 gold).
 17118 | D:12     | Bought a scroll of teleportation for 42 gold pieces
 17118 | D:12     | 17118 ||| READING scroll of enchant armour.
 17118 | D:12     | 17118 ||| ENCHANTING +1 pair of gloves.
 17164 | D:12     | 17164 ||| UPGRADING to ring of Poevvyf {rF- Will++ Str-4
                  | Dex+6 Slay+5}.
 17166 | D:12     | 17166 ||| DROPPING +6 ring of intelligence.
 17167 | D:12     | 17167 ||| READING 10 scrolls of identify.
 17167 | D:12     | 17167 ||| IDENTIFYING orange potion
 17168 | D:12     | 17168 ||| DROPPING potion of invisibility.
 17186 | D:13     | Found a shimmering altar of Xom.
 17186 | D:13     | Found a shimmering altar of Xom.
 17186 | D:13     | Found a shimmering altar of Xom.
 17193 | D:13     | 17193 ||| FLEEEEING.
 17194 | D:13     | 17194 ||| FLEEEEING.
 17195 | D:13     | 17195 ||| INVOKING Heroism.
 17197 | D:13     | 17197 ||| Stepping ~*~*~tactically~*~*~ (outnumbered).
 17206 | D:13     | HP: 19/92 [cyclops/large rock (15)]
 17207 | D:13     | 17207 ||| READING 5 scrolls of teleportation.
 17208 | D:13     | 17208 ||| DRINKING 3 potions of heal wounds.
 17210 | D:13     | 17210 ||| DRINKING 2 potions of heal wounds.
 17211 | D:13     | Reached ****** piety under Okawaru
 17218 | D:13     | 17218 ||| Stepping ~*~*~tactically~*~*~ (outnumbered).
 17224 | D:13     | Noticed an orc warlord
 17225 | D:13     | 17225 ||| INVOKING Finesse.
 17227 | D:13     | Received a gift from Okawaru
 17228 | D:13     | Reached XP level 15. HP: 42/96 MP: 16/22
 17238 | D:13     | Received a gift from Okawaru
 17242 | D:13     | 17242 ||| INVOKING Heroism.
 17245 | D:13     | Killed an orc warlord
 17274 | D:13     | Reached skill level 9 in Dodging
 17518 | D:13     | Found a gate to the Vaults.
 17638 | D:13     | 17638 ||| INVOKING Heroism.
 17691 | D:13     | 17691 ||| FLEEEEING.
 17692 | D:13     | 17692 ||| FLEEEEING.
 17693 | D:13     | 17693 ||| FLEEEEING.
 17694 | D:13     | 17694 ||| FLEEEEING.
 17695 | D:13     | 17695 ||| FLEEEEING.
 17696 | D:13     | 17696 ||| FLEEEEING.
 17697 | D:13     | 17697 ||| FLEEEEING.
 17698 | D:13     | 17698 ||| FLEEEEING.
 17707 | D:13     | 17707 ||| FLEEEEING.
 17708 | D:13     | 17708 ||| FLEEEEING.
 17709 | D:13     | 17709 ||| FLEEEEING.
 17710 | D:13     | 17710 ||| FLEEEEING.
 17711 | D:13     | 17711 ||| FLEEEEING.
 17714 | D:13     | 17714 ||| FLEEEEING.
 17715 | D:13     | 17715 ||| FLEEEEING.
 17716 | D:13     | 17716 ||| FLEEEEING.
 17717 | D:13     | 17717 ||| FLEEEEING.
 17718 | D:13     | 17718 ||| FLEEEEING.
 17719 | D:13     | 17719 ||| FLEEEEING.
 17720 | D:13     | 17720 ||| FLEEEEING.
 17721 | D:13     | 17721 ||| FLEEEEING.
 17723 | D:13     | 17723 ||| FLEEEEING.
 17726 | D:13     | 17726 ||| FLEEEEING.
 17727 | D:13     | 17727 ||| FLEEEEING.
 17731 | D:13     | 17731 ||| STAIRDANCE
 17757 | D:12     | 17757 ||| DROPPING amulet of magic regeneration.
 17760 | D:13     | 17760 ||| INVOKING Heroism.
 17930 | D:13     | 17930 ||| INVOKING Heroism.
 18024 | D:13     | 18024 ||| INVOKING Heroism.
 18025 | D:13     | 18025 ||| INVOKING Finesse.
 18221 | D:14     | 18221 ||| INVOKING Heroism.
 18240 | D:14     | 18240 ||| STAIRDANCE
 18287 | D:14     | 18287 ||| STAIRDANCE
 18367 | D:14     | 18367 ||| STAIRDANCE
 18372 | D:13     | 18372 ||| INVOKING Heroism.
 18497 | D:14     | 18497 ||| INVOKING Heroism.
 18503 | D:14     | 18503 ||| STAIRDANCE
 18503 | D:14     | HP: 22/98 [slime creature (4)]
 18505 | D:13     | 18505 ||| READING 4 scrolls of teleportation.
 18506 | D:13     | 18506 ||| DRINKING potion of heal wounds.
 18508 | D:13     | Received a gift from Okawaru
 19058 | D:14     | Found a hazy altar of Hepliaklqana.
 19204 | D:14     | Noticed Azrael
 19205 | D:14     | 19205 ||| INVOKING Heroism.
 19206 | D:14     | 19206 ||| INVOKING Finesse.
 19214 | D:14     | Killed Azrael
 19350 | D:14     | Found a white marble altar of Elyvilon.
 19367 | D:14     | 19367 ||| INVOKING Heroism.
 19373 | D:14     | Received a gift from Okawaru
 19384 | D:14     | 19384 ||| FLEEEEING.
 19411 | D:14     | 19411 ||| INVOKING Heroism.
 19753 | D:15     | Entered Level 15 of the Dungeon
 19758 | D:15     | 19758 ||| STAIRDANCE
 19873 | D:15     | 19873 ||| STAIRDANCE
 20064 | D:15     | Reached skill level 20 in Ranged Weapons
 20208 | D:15     | 20208 ||| INVOKING Heroism.
 20491 | D:15     | Received a gift from Okawaru
 20563 | D:15     | 20563 ||| INVOKING Heroism.
 20585 | D:15     | 20585 ||| INVOKING Heroism.
 20588 | D:15     | Reached XP level 16. HP: 106/106 MP: 20/23
 20626 | D:15     | 20626 ||| FLEEEEING.
 20627 | D:15     | 20627 ||| FLEEEEING.
 20628 | D:15     | 20628 ||| FLEEEEING.
 20629 | D:15     | 20629 ||| FLEEEEING.
 20630 | D:15     | 20630 ||| FLEEEEING.
 20631 | D:15     | 20631 ||| FLEEEEING.
 20632 | D:15     | 20632 ||| FLEEEEING.
 20638 | D:15     | 20638 ||| FLEEEEING.
 20649 | D:15     | 20649 ||| INVOKING Heroism.
 20996 | D:15     | Found a staircase to the Depths.
 20998 | D:15     | 20998 ||| PLANNING ORC
 21110 | Orc:1    | Entered Level 1 of the Orcish Mines
 21113 | Orc:1    | 21113 ||| STAIRDANCE
 21240 | Orc:1    | 21240 ||| FLEEEEING.
 21241 | Orc:1    | 21241 ||| FLEEEEING.
 21242 | Orc:1    | 21242 ||| FLEEEEING.
 21243 | Orc:1    | 21243 ||| FLEEEEING.
 21244 | Orc:1    | 21244 ||| FLEEEEING.
 21245 | Orc:1    | 21245 ||| FLEEEEING.
 21246 | Orc:1    | 21246 ||| FLEEEEING.
 21248 | Orc:1    | 21248 ||| FLEEEEING.
 21249 | Orc:1    | 21249 ||| FLEEEEING.
 21260 | Orc:1    | 21260 ||| FLEEEEING.
 21261 | Orc:1    | 21261 ||| FLEEEEING.
 21262 | Orc:1    | 21262 ||| FLEEEEING.
 21263 | Orc:1    | 21263 ||| FLEEEEING.
 21264 | Orc:1    | 21264 ||| STAIRDANCE
 21396 | Orc:2    | Entered Level 2 of the Orcish Mines
 21402 | Orc:2    | 21402 ||| STAIRDANCE
 21512 | Orc:2    | 21512 ||| Stepping ~*~*~tactically~*~*~ (outnumbered).
 21527 | Orc:2    | 21527 ||| Stepping ~*~*~tactically~*~*~ (outnumbered).
 21572 | Orc:2    | 21572 ||| INVOKING Heroism.
 21607 | Orc:2    | 21607 ||| INVOKING Heroism.
 21642 | Orc:2    | Noticed Saint Roka
 21643 | Orc:2    | 21643 ||| INVOKING Finesse.
 21657 | Orc:2    | 21657 ||| INVOKING Heroism.
 21659 | Orc:2    | Killed Saint Roka
 21660 | Orc:2    | Reached skill level 21 in Ranged Weapons
 21825 | Orc:2    | 21825 ||| INVOKING Heroism.
 22026 | Orc:2    | Found Ekees's Book Shoppe.
 22047 | Orc:2    | Found a staircase to the Elven Halls.
 22282 | Orc:2    | Found Dymecohuism's General Store.
 22317 | Orc:2    | Found Risoffae's Antique Armour Shoppe.
 22323 | Orc:2    | 22323 ||| BUYING helmet (153 gold).
 22323 | Orc:2    | Bought a helmet for 153 gold pieces
 22323 | Orc:2    | 22323 ||| BUYING shiny helmet (255 gold).
 22323 | Orc:2    | Bought a shiny helmet for 255 gold pieces
 22347 | Orc:2    | 22347 ||| UPGRADING to +0 helmet.
 22352 | Orc:2    | 22352 ||| DROPPING +0 helmet of intelligence.
 22362 | Orc:1    | 22362 ||| INVOKING Heroism.
 22625 | Orc:2    | Found Qaxe's Antique Weapon Shoppe.
 22673 | Orc:2    | 22673 ||| PLANNING SWAMP:1-3
 22808 | Swamp:1  | Entered Level 1 of the Swamp
 22813 | Swamp:1  | 22813 ||| STAIRDANCE
 22887 | Swamp:1  | Reached skill level 9 in Armour
 22894 | Swamp:1  | Noticed Jorgrun
 22895 | Swamp:1  | 22895 ||| INVOKING Heroism.
 22896 | Swamp:1  | 22896 ||| INVOKING Finesse.
 22902 | Swamp:1  | Killed Jorgrun
 23142 | Swamp:1  | Noticed Roxanne
 23143 | Swamp:1  | 23143 ||| INVOKING Heroism.
 23144 | Swamp:1  | 23144 ||| INVOKING Finesse.
 23151 | Swamp:1  | Killed Roxanne
 23264 | Swamp:1  | Noticed Kirke
 23265 | Swamp:1  | 23265 ||| INVOKING Heroism.
 23269 | Swamp:1  | Killed Kirke
 23270 | Swamp:1  | 23270 ||| Stepping ~*~*~tactically~*~*~ (outnumbered).
 23465 | Swamp:1  | 23465 ||| DROPPING ring of wizardry.
 23494 | Swamp:2  | Noticed a thorn hunter
 23494 | Swamp:2  | Noticed a fenstrider witch
 23494 | Swamp:2  | Found a transporter.
 23591 | Swamp:2  | 23591 ||| INVOKING Heroism.
 23747 | Swamp:2  | Noticed a tentacled monstrosity
 23749 | Swamp:2  | Noticed a tentacled monstrosity
 23750 | Swamp:2  | Found a transporter.
 23752 | Swamp:2  | Noticed a tentacled monstrosity
 23753 | Swamp:2  | 23753 ||| INVOKING Heroism.
 23809 | Swamp:2  | Noticed a tentacled monstrosity
 23927 | Swamp:3  | 23927 ||| INVOKING Heroism.
 23933 | Swamp:3  | Received a gift from Okawaru
 23991 | Swamp:3  | 23991 ||| STAIRDANCE
 24047 | Swamp:3  | 24047 ||| INVOKING Heroism.
 24050 | Swamp:3  | Reached skill level 15 in Fighting
 24050 | Swamp:3  | Reached XP level 17. HP: 113/113 MP: 21/24
 24094 | Swamp:3  | 24094 ||| INVOKING Heroism.
 24111 | Swamp:3  | HP: 21/113 [spriggan berserker/+0 flail (8)]
 24112 | Swamp:3  | 24112 ||| READING 3 scrolls of teleportation.
 24114 | Swamp:3  | HP: 7/113 [acid (7)]
 24114 | Swamp:3  | Mangled by a spriggan rider

Levels and vault maps discovered:
D:1:      minmay_arrival_split_and_join, layout_rooms,
          shapermc_ecumenical_altar_mp_ritualfount
D:2:      layout_rooms
D:3:      layout_loops_corners, nicolae_qazlal_beasts_of_the_sky,
          hangedman_decor_riveting
D:4:      layout_rooms, minmay_temple_entry_wispy, serial_shops, shop,
          enter_ossuary_3, serial_glass, glass_columns_a, glass_columns_a,
          corexii_item_surrounded_by_moat
D:5:      layout_basic
D:6:      layout_cave_pools, lemuel_mausoleum_altar_yredelemnul,
          ebering_ghost_disaster_area
D:7:      layout_layer_cave, mainiacjoe_overflow_surrounded_room,
          nicolae_overflow_hallway_of_the_gods, enter_bailey_4
D:8:      layout_loops_corners, mainiacjoe_overflow_alcove_1
D:9:      minmay_flawed_box, layout_basic, orc_0_dummy, serial_shops, shop,
          hangedman_abyss_or_decor_slice, hangedman_decor_clover_reticule,
          kennysheep_generic_room_8
D:10:     layout_rooms, nicolae_elemental_shop
D:11:     layout_cave_pools, serial_shops, nicolae_shop_tiny_statue_garden,
          minmay_hollow_rounded_squares
D:12:     layout_rooms, serial_shops, nicolae_shop_just_a_little_nook,
          shop_fountains, shop, shop
D:13:     orc_temple, layout_rooms, xom_redecorated
D:14:     layout_loops_cross, nicolae_hepliaklqana_hippocampus,
          elyvilon_altar_3, uniq_azrael
D:15:     grunt_enter_depths_magical_seal, layout_loops_corners,
          grunt_decor_resistance, minmay_microvault
Temple:   hellmonk_temple_forest_ring
Lair:1:   layout_cave_pods, pdpol_lair_neglected_garden, wad_woods_road_04
Lair:2:   layout_chaotic_city, lemuel_fruit_fields, grunt_megastairs_4
Lair:3:   minmay_lair_oklob_chamber, layout_small_grid,
          skrybe_swamp_entry_bodies, spider_nest_entry_a, serial_bayou_pond_b,
          nicolae_quartered_pool_impasse
Lair:4:   layout_concentric_octagons, minmay_slime_entry_pillars,
          gauntlet_entry_generic, basic_altar, grunt_megastairs_3
Lair:5:   evilmike_catoblepas_cave, layout_regular_city
Swamp:1:  layout_basic_swamp, nicolae_swamp_tree_designs,
          infiniplex_staircase_pool, uniq_roxanne, uniq_kirke, uniq_jorgrun
Swamp:2:  gammafunk_sealed_arena, layout_basic_swamp, hangedman_swamp_ruin_wall
Swamp:3:  layout_falls_marsh, evilmike_swamp_ruin_rubble_2, uniq_nikola
Orc:1:    layout_caves
Orc:2:    grunt_orc_cross, layout_caves

Skill      XL: |  1  2  3  4  5  6  7  8  9 10 11 12 13 14 15 16 |
---------------+-------------------------------------------------+-----
Ranged Weapons | 3 4 5 6 8 9 11 13 14 15 17 19 20 21 | 21.2
Fighting       | 2 3 4 5 7 8 10 11 12 14 15 | 15.0
Armour         | 1 3 4 5 6 7 9 |  9.0
Invocations    | 4 6 10 | 10.0
Dodging        | 2 3 4 5 6 7 9 10 | 10.0
Spellcasting   | |  1.0
Hexes          | |  2.6

Action                     |  1- 3 |  4- 6 |  7- 9 | 10-12 | 13-15 | 16-18 || total
---------------------------+-------+-------+-------+-------+-------+-------++-------
   Fire: Sling             |   156 |    87 |   306 |       |       |       ||   549
         Orcbow            |       |       |    64 |       |       |       ||    64
         Longbow           |       |       |    56 |   554 |   509 |       ||  1119
         Triple crossbow   |       |       |       |       |   402 |   383 ||   785
 Invoke: Heroism           |       |       |    16 |    32 |    31 |    14 ||    93
         Finesse           |       |       |       |       |     8 |     3 ||    11
    Use: Scroll            |     1 |     2 |    16 |     6 |     7 |     1 ||    33
         Potion            |       |       |     9 |     3 |     3 |       ||    15
 Armour: Robe              |    36 |     4 |       |       |       |       ||    40
         Leather armour    |       |     3 |    48 |       |       |       ||    51
         Ring mail         |       |       |    38 |   144 |   254 |   137 ||   573
  Dodge: Dodged            |    86 |    15 |   132 |   176 |   421 |   325 ||  1155

Table legend:
 A = Non-vault XP
 B = Vault XP
 C = Vault XP percentage of total XP
 D = Non-vault monster count
 E = Vault monster count
 F = Vault count percentage of total count
                 A         B        C        D         E       F
            +---------+---------+-------+---------+---------+-------
      Total |  134242 |   51628 |  27.8 |     584 |     215 |  26.9
            +---------+---------+-------+---------+---------+-------
        D:1 |      29 |       0 |   0.0 |      19 |       0 |   0.0
        D:2 |      72 |       0 |   0.0 |      27 |       0 |   0.0
        D:3 |      87 |     129 |  59.7 |      20 |       1 |   4.8
        D:4 |     428 |       1 |   0.2 |      16 |       1 |   5.9
        D:5 |     621 |       0 |   0.0 |      22 |       0 |   0.0
        D:6 |    1028 |     485 |  32.1 |      17 |      12 |  41.4
        D:7 |    1044 |      11 |   1.0 |      16 |       5 |  23.8
        D:8 |    1178 |       0 |   0.0 |      24 |       0 |   0.0
        D:9 |    2873 |     362 |  11.2 |      24 |      10 |  29.4
       D:10 |    3857 |       0 |   0.0 |      20 |       0 |   0.0
       D:11 |    3284 |    4551 |  58.1 |      26 |      12 |  31.6
       D:12 |    3132 |       0 |   0.0 |      10 |       0 |   0.0
       D:13 |   14588 |    5757 |  28.3 |      38 |      28 |  42.4
       D:14 |   13302 |    2018 |  13.2 |      28 |       7 |  20.0
       D:15 |   14380 |    4796 |  25.0 |      26 |       9 |  25.7
     Lair:1 |    6899 |       0 |   0.0 |      31 |       0 |   0.0
     Lair:2 |    7842 |     700 |   8.2 |      32 |       2 |   5.9
     Lair:3 |    4887 |    4430 |  47.5 |      17 |      10 |  37.0
     Lair:4 |    7237 |    3430 |  32.2 |      21 |      14 |  40.0
     Lair:5 |   15301 |    9080 |  37.2 |      30 |      23 |  43.4
    Swamp:1 |    7765 |    5226 |  40.2 |      18 |       6 |  25.0
    Swamp:2 |    7188 |       0 |   0.0 |      15 |       0 |   0.0
    Swamp:3 |    7179 |       0 |   0.0 |      12 |       0 |   0.0
      Orc:1 |    6833 |       0 |   0.0 |      31 |       0 |   0.0
      Orc:2 |    3208 |   10344 |  76.3 |      44 |      38 |  46.3
    Ossuary |       0 |     308 | 100.0 |       0 |      37 | 100.0
            +---------+---------+-------+---------+---------+-------
